 Dungeon Crawl Stone Soup version 0.21.1-1-g345015f (webtiles) character file.

13 Dharzhak the Digger (level 2, 6/15 HPs)
             Began as a Gargoyle Earth Elementalist on Apr 5, 2018.
             Quit the game on level 1 of the Dungeon.
             The game lasted 00:03:28 (254 turns).

Dharzhak the Digger (Gargoyle Earth Elementalist)    Turns: 254, Time: 00:03:29

Health: 6/15       AC:  4    Str: 11    XL:     2   Next: 37%
Magic:  0/5        EV: 12    Int: 15    God:
Gold:   18         SH:  0    Dex: 10    Spells: 2/5 levels left

rFire    . . .     SeeInvis .   (no weapon)
rCold    . . .     Gourm    .   (no shield)
rNeg     + . .     Faith    .   c - +0 robe
rPois    ∞         Spirit   .   (no helmet)
rElec    +         Reflect  .   (no cloak)
rCorr    .         Harm     .   (no gloves)
MR       .....                  (no boots)
Stlth    ++........             (no amulet)
HPRegen  0.05/turn              (no ring)
MPRegen  0.09/turn              (no ring)

@: very slightly contaminated
A: negative energy resistance 1, electricity resistance, unbreathing,
petrification resistance, rot immunity, AC +2
a: no special abilities


You were on level 1 of the Dungeon.
You were not hungry.

You visited 1 branch of the dungeon, and saw 1 of its levels.

You collected 18 gold pieces.

Inventory:

Missiles
 b - 15 stones (quivered)
Armour
 c - a +0 robe (worn)
Potions
 f - 2 potions of heal wounds {unknown}
Books
 e - a book of Geomancy

   Spells                             Type                      Level
   a - Sandblast                      Earth                        1
   b - Passwall                       Transmutation/Earth          2
   c - Stone Arrow                    Conjuration/Earth            3
   d - Petrify                        Transmutation/Earth          4
   e - Lee's Rapid Deconstruction     Earth                        5
Comestibles
 a - 3 chunks of flesh
 d - a ration


   Skills:
 * Level 1.6 Dodging
 + Level 2.4 Stealth
 * Level 2.1 Spellcasting
 + Level 0.7 Transmutations
 * Level 4.1 Earth Magic


You had 2 spell levels left.
You knew the following spells:

 Your Spells              Type           Power        Failure   Level  Hunger
a - Sandblast             Erth           ##....       4%          1    #......
b - Passwall              Tmut/Erth      #.........   12%         2    ###....


Dungeon Overview and Level Annotations

Branches:
Dungeon (1/15)

Altars:


Innate Abilities, Weirdness & Mutations

You are resistant to torment.
Your stone body is resilient. (AC +2)
You are immune to poison.
You resist negative energy. (rN+)
You are resistant to electric shocks. (rElec)
You can survive without breathing.
You are immune to petrification.
You are immune to rotting.


Message History

The jackal bites you but does no damage. x2
You closely miss the jackal.
The jackal bites you but does no damage.
The jackal misses you.
You hit the jackal.
The jackal is moderately wounded.
The jackal barely misses you.
The jackal bites you but does no damage.
The jackal bites you.
The jackal bites you but does no damage.
Casting: Sandblast
Confirm with . or Enter, or press ? or * to list all spells.
Aiming: Sandblast
Press: ? - help, Shift-Dir - straight line, f - jackal
Aim: a jackal The blast of sand hits the jackal.
The jackal is moderately wounded.
b - 15 stones The jackal closely misses you. x2
Are you sure you want to abandon this character and quit the game? (Confirm with "yes".)

######..#####.# #..# #.h.#
.. #..# #h.#.# #... #.# #..#
#.. .# #..# #.# #..# #.# ##
#... # #.# ###..# #. #..# #.
#.# #....# #. #..#
#.###.###.#h## #. #..#
#.#........bh@# #####..#
............### #......#
.#.##...####### #.####.# #
#........... #.####.#
#.#....###### ###.##...#
##.#.....#######..
#......###
..................##>.....#
#.#........######.##.......#
###.....## #.......#


You could see 2 jackals and a bat.

Vanquished Creatures
  A dart slug (D:1)
  A giant cockroach (D:1)
  A goblin (D:1)
  A hobgoblin (D:1)
  2 jackals (D:1)
  3 bats (D:1)
  A rat (D:1)
10 creatures vanquished.

Notes
Turn   | Place    | Note
-------+----------+-------------------------------------------
     0 | D:1      | Dharzhak the Gargoyle Earth Elementalist began the quest for the Orb.
     0 | D:1      | Reached XP level 1. HP: 10/10 MP: 3/3
   103 | D:1      | Reached skill level 4 in Earth Magic
   103 | D:1      | Reached XP level 2. HP: 15/15 MP: 3/5
   130 | D:1      | Learned a level 2 spell: Passwall
   254 | D:1      | Quit the game

Skill      XL: |  1 |
---------------+----+-----
Earth Magic    | 4 |  4.1
Dodging        | |  1.6
Stealth        | |  2.4
Spellcasting   | |  2.1
Transmutations | |  0.7

Action                   || total
-------------------------++-------
Melee: Unarmed           ||    14
 Cast: Sandblast         ||    15
Armor: Robe              ||    21
Dodge: Dodged            ||    37
